 Dungeon Crawl Stone Soup version 0.17.1-3-g152610e (webtiles) character file.

469 jacquesderrida the Caller (level 6, -1/36 HPs)
             Began as a Demonspawn Summoner on Apr 25, 2016.
             Killed by divine providence
             ... invoked by an orc priest
              (15 damage)
             ... on level 6 of the Dungeon.
             The game lasted 00:14:40 (2132 turns).

jacquesderrida the Caller (Demonspawn Summoner)     Turns: 2132, Time: 00:14:41

Health: -1/36      AC:  5    Str: 12    XL:     6   Next: 82%
Magic:  5/10       EV: 14    Int: 23    God:
Gold:   144        SH:  0    Dex: 16    Spells: 4 memorised, 2 levels left

rFire  . . .     SeeInvis .     B - +9 dagger of Fimbulwinter {pain, Int+6 Dex+2}
rCold  . . .     Clarity  .     a - +0 robe
rNeg   . . .     SustAt   .     (no shield)
rPois  .         Gourm    .     o - +0 helmet
rElec  .         Spirit   .     (no cloak)
rCorr  .         Warding  .     A - +0 pair of gloves (curse)
rMut   .         Stasis   .     (no boots)
MR     .....                    (no amulet)
Stlth  ++........               z - ring of wizardry
                                i - +5 ring of strength

@: not resistant to hostile enchantments, unstealthy
A: talons 1, repulsion field 1, demonic guardian 1, frail 1, shaggy fur 1, spiny
1, weak 1
a: no special abilities


You were on level 6 of the Dungeon.
You were not hungry.

You visited 1 branch of the dungeon, and saw 6 of its levels.

You collected 144 gold pieces.

Inventory:

Hand Weapons
 p - a +5 dagger
 w - a +0 long sword
 B - the +9 dagger of Fimbulwinter (weapon) {pain, Int+6 Dex+2}
   (You found it on level 4 of the Dungeon)

   In the hands of one skilled in necromantic magic, it inflicts extra damage on
   living creatures.
   It affects your intelligence (+6).
   It affects your dexterity (+2).
Missiles
 k - 12 tomahawks (quivered)
Armour
 a - a +0 robe (worn)
 o - a +0 helmet (worn)
 A - a cursed +0 pair of gloves (worn)
Jewellery
 i - a +5 ring of strength (left hand)
 z - a ring of wizardry (right hand)
Scrolls
 e - 3 scrolls of teleportation {unknown}
 g - 2 scrolls of remove curse
 l - a scroll of recharging {unknown}
 n - a scroll of enchant armour {unknown}
 q - 2 scrolls of identify {unknown}
 r - a scroll of fear {unknown}
 C - a scroll of random uselessness {unknown}
Potions
 d - a potion of might {unknown}
 j - a potion of brilliance {unknown}
Books
 b - a book of Callings

   Spells                             Type                      Level
   a - Summon Small Mammal            Summoning                    1
   b - Call Imp                       Summoning                    2
   c - Call Canine Familiar           Summoning                    3
   d - Summon Guardian Golem          Hexes/Summoning              3
   e - Summon Lightning Spire         Summoning/Air                4
   f - Summon Ice Beast               Ice/Summoning                4
 f - a book of Party Tricks

   Spells                             Type                      Level
   a - Summon Butterflies             Summoning                    1
   b - Apportation                    Translocation                1
   c - Tukima's Dance                 Hexes                        3
   d - Alistair's Intoxication        Transmutation/Poison         4
   e - Invisibility                   Hexes                        6
Miscellaneous
 u - a plain deck of war
Comestibles
 c - 3 bread rations
 h - 4 fruits
 m - 2 chunks of flesh
 x - a slice of pizza


   Skills:
 - Level 1.7 Dodging
 - Level 1.7 Stealth
 + Level 3.3 Spellcasting
 + Level 7.7 Summonings


You had 2 spell levels left.
You knew the following spells:

 Your Spells              Type           Power        Failure   Level  Hunger
a - Summon Small Mammal   Summ           ####         1%          1    None
b - Call Imp              Summ           #####...     1%          2    ##.....
c - Call Canine Familiar  Summ           #####...     1%          3    ###....
d - Summon Guardian Gole  Hex/Summ       ###.....     4%          3    ###....


Dungeon Overview and Level Annotations

Branches:
Dungeon (6/15)
 Temple: D:4-7

Altars:
Elyvilon
Fedhas
Kikubaaqudgha
Nemelex Xobeh
Vehumet
The Shining One

Shops:
D:5 %

Annotations:
D:5 Zhenya25pyc's ghost, amateur GrFi


Innate Abilities, Weirdness & Mutations

You have sharp toenails.
You are surrounded by a mild repulsion field (EV +2).
A weak demonic guardian rushes to your aid.
You are partially covered in sharp spines.
You are frail (-10% HP).
You are covered in fur (AC +1).
You are weak. (Str -2)


Message History

Orders for allies: a - Attack new target. r - Retreat! s - Stop attacking. w - Wait here. f - Follow me.
Anything else - Stay silent.
Gang up on whom?
Press: ? - help, Dir - move target cursor, f - orc priest
Aim: an orc priest, wielding a flail of holy wrath and wearing a chain mail Attack!
Your wolf bites the orc priest.
Your wolf bites the orc priest!
The orc priest invokes the aid of Beogh against you.
Something smites you!
Your wolf closely misses the orc priest.
The orc priest hits your wolf with a flail of holy wrath.
Your wolf bites the orc priest.
The orc priest dies!
The orc priest hits your guardian golem with a whip.
Your wolf bites the orc priest.
Your shadow imp hits the orc priest.
Your wolf barely misses the orc priest.
The orc priest mumbles some strange prayers to Beogh against you.
Something smites you!
You die...

#..........# .....
#.....###### ##.....
#........# .......
#........# .......
###
#.....#######.....≈≈
..#
#..........5o.5...≈#
..#
#.....#....8o.....≈#
..
#.....#....h#.....≈#
###
#.....#....@#....>≈≈
..#
#.....#######..h....
..# #...... .....o.
..# #...... h..o..o
..# #...... ....o..
'## ...o... ..# ..#
..#


You could see 2 orc priests, a friendly wolf and a friendly shadow imp.

Vanquished Creatures
  A hound skeleton (D:4)
  A worker ant zombie (D:5)
  2 adders (D:4)
  An adder skeleton (D:5)
  A worm (D:4)
  5 orcs
  2 giant cockroaches
  A goblin (D:1)
  3 hobgoblins (D:3)
  A jackal (D:6)
  2 quokkas
  A ball python skeleton (D:4)
  A ball python zombie (D:5)
  2 bats (D:1)
  A giant newt (D:3)
  2 kobolds
  5 rats
32 creatures vanquished.

Vanquished Creatures (collateral kills)
  A hungry ghost (D:6)
  An ogre (D:4)
  Blork the orc (D:6)
  A giant frog (D:6)
  A scorpion (D:4)
  2 orc priests (D:6)
  A hound (D:4)
  An orc wizard (D:4)
  An iguana (D:4)
  3 worker ants
  An adder (D:3)
  2 oozes
  2 worms (D:3)
  4 orcs (D:4)
  3 bats (D:1)
  A giant cockroach (D:1)
  7 goblins (D:3)
  4 hobgoblins
  6 jackals
  A giant newt (D:4)
  2 kobolds (D:3)
46 creatures vanquished.

Grand Total: 78 creatures vanquished

Notes
Turn   | Place    | Note
--------------------------------------------------------------
     0 | D:1      | jacquesderrida the Demonspawn Summoner began the quest for the Orb.
     0 | D:1      | Reached XP level 1. HP: 13/13 MP: 3/3
   166 | D:1      | Gained mutation: A weak demonic guardian rushes to your aid. [demonic ancestry]
   166 | D:1      | Reached XP level 2. HP: 10/19 MP: 1/5
   403 | D:2      | Learned a level 2 spell: Call Imp
   632 | D:3      | Found a faded altar to an unknown god.
   693 | D:3      | Became a worshipper of Vehumet
   693 | D:3      | Reached * piety under Vehumet
   693 | D:3      | Offered knowledge of Magic Dart by Vehumet.
   693 | D:3      | Fell from the grace of Vehumet
   776 | D:3      | Reached skill level 5 in Summonings
   776 | D:3      | Reached XP level 3. HP: 21/24 MP: 4/6
   954 | D:4      | Noticed an ogre
   977 | D:4      | Killed an ogre
   977 | D:4      | Reached skill level 6 in Summonings
   977 | D:4      | Gained mutation: You have sharp toenails. [demonic ancestry]
   977 | D:4      | Reached XP level 4. HP: 30/30 MP: 5/7
  1258 | D:4      | Gained mutation: You are partially covered in sharp spines. [demonic ancestry]
  1258 | D:4      | Reached XP level 5. HP: 18/35 MP: 3/8
  1266 | D:4      | Noticed a scorpion
  1286 | D:4      | Killed a scorpion
  1303 | D:4      | Found an ancient bone altar of Kikubaaqudgha.
  1305 | D:4      | Found a blossoming altar of Fedhas.
  1386 | D:3      | Found a sparkling altar of Nemelex Xobeh.
  1392 | D:3      | Found a white marble altar of Elyvilon.
  1461 | D:4      | Found a glowing golden altar of the Shining One.
  1534 | D:4      | Learned a level 3 spell: Call Canine Familiar
  1601 | D:4      | Reached skill level 7 in Summonings
  1643 | D:4      | Got a jewelled dagger
  1644 | D:4      | Identified the +9 dagger of Fimbulwinter {pain, Int+6 Dex+2} (You found it on level 4 of the Dungeon)
  1653 | D:5      | Entered Level 5 of the Dungeon
  1663 | D:5      | Noticed Zhenya25pyc's ghost (amateur GrFi)
  1716 | D:5      | Noticed a hungry ghost
  1717 | D:5      | Found Safasoym's Food Shoppe.
  1741 | D:6      | Gained mutation: You are covered in fur (AC +1). [potion of mutation]
  1741 | D:6      | Gained mutation: You are weak. (Str -2) [potion of mutation]
  1741 | D:6      | Gained mutation: You are frail (-10% HP). [potion of mutation]
  1744 | D:6      | Killed a hungry ghost
  1744 | D:6      | Gained mutation: You are surrounded by a mild repulsion field (EV +2). [demonic ancestry]
  1744 | D:6      | Reached XP level 6. HP: 4/36 MP: 5/9
  1982 | D:6      | Found a blossoming altar of Fedhas.
  2010 | D:6      | Learned a level 3 spell: Summon Guardian Golem
  2044 | D:6      | Noticed Blork the orc
  2051 | D:6      | Killed Blork the orc
  2132 | D:6      | Killed from afar by an orc priest

Action                   |  1- 3 |  4- 6 || total
-------------------------+-------+-------++-------
Melee: Unarmed           |     9 |       ||     9
       Whip              |    24 |       ||    24
       Dagger            |    12 |    36 ||    48
 Cast: Summon Small Mamm |    20 |       ||    20
       Call Imp          |    11 |    20 ||    31
       Call Canine Famil |       |     6 ||     6
       Summon Guardian G |       |     1 ||     1
Invok: Renounce Religion |     1 |       ||     1
  Use: Scroll            |     1 |       ||     1
       Potion            |       |     5 ||     5
 Stab: Sleeping          |     1 |     2 ||     3
  Eat: Chunk             |     1 |     4 ||     5
       Meat ration       |       |     1 ||     1
